 Dungeon Crawl Stone Soup version 0.32-a0-931-g5a2cda0630 (webtiles) character file.

Game seed: 3417606091789009017

13 lontrex the Vexing (level 2, 0/22 HPs)
             Began as a Demigod Enchanter on Apr 13, 2024.
             Slain by a hobgoblin (3 damage)
             ... on level 1 of the Dungeon.
             The game lasted 00:01:23 (271 turns).

lontrex the Vexing (Demigod Enchanter)               Turns: 271, Time: 00:01:23

Health: 0/22       AC:  3    Str:  9    XL:     2   Next: 12%
Magic:  7/7        EV: 11    Int: 17    God:
Gold:   30         SH:  0    Dex: 14    Spells: 3/5 levels left

rFire   . . .        a - +1 dagger
rCold   . . .        (no shield)
rNeg    . . .        b - +0 robe
rPois   .            (no helmet)
rElec   .            d - +0 cloak
rCorr   .            (no gloves)
SInv    .            (no boots)
Will    .....        (no amulet)
Stlth   ++           (no ring)
HPRegen 0.23/turn    (no ring)
MPRegen 0.10/turn

%: no passive effects
@: no status effects
A: high MP 1, forlorn, divine attributes
a: no special abilities


You were on level 1 of the Dungeon.
You visited 1 branch of the dungeon, and saw 1 of its levels.

You collected 30 gold pieces.

Inventory:

Hand Weapons
 a - a +1 dagger (weapon)
Armour
 b - a +0 robe (worn)
 d - a +0 cloak (worn)
Potions
 c - 2 potions of invisibility


   Skills:
 + Level 0.5 Fighting
 + Level 1.1 Short Blades
 - Level 1.7 Dodging
 - Level 2.6 Stealth
 * Level 2.1 Spellcasting
 + Level 2.8 Hexes


You had 3 spell levels left.
You knew the following spells:

 Your Spells              Type           Power      Damage    Failure   Level
a - Ensorcelled Hibernat  Hex/Ice        12%        N/A       16%         2

Your spell library contained the following spells:

 Spells                   Type           Power      Damage    Failure   Level
 Confusing Touch          Hex            11%        N/A       19%         3
 Tukima's Dance           Hex            11%        N/A       19%         3
 Dazzling Flash           Conj/Hex       12%        N/A       32%         3


Dungeon Overview and Level Annotations

Branches:
Dungeon (1/15)


Innate Abilities, Weirdness & Mutations

You have an increased reservoir of magic. (+10% MP)
You shall have no god before yourself.
Your divine heritage dramatically boosts your attributes as you level up.


Message History

You hit the hobgoblin but do no damage. The hobgoblin barely misses you.
You barely miss the hobgoblin. The endoplasm hits you.
The hobgoblin hits you but does no damage.
You closely miss the hobgoblin. The endoplasm completely misses you.
The hobgoblin hits you.
You hit the hobgoblin.
The hobgoblin is moderately wounded.
The endoplasm closely misses you. The hobgoblin hits you.
You are too injured to fight recklessly!
You are too injured to fight recklessly!
You closely miss the hobgoblin.
The hobgoblin is moderately wounded.
The endoplasm freezes you.
You are frozen.
The hobgoblin hits you.
You hit the hobgoblin.
The hobgoblin is severely wounded.
The endoplasm closely misses you. The hobgoblin barely misses you.
You barely miss the hobgoblin.
The hobgoblin is severely wounded.
The endoplasm hits you. The hobgoblin hits you.
* * * LOW HITPOINT WARNING * * *
You hit the hobgoblin.
The hobgoblin is almost dead.
The endoplasm hits you.
* * * LOW HITPOINT WARNING * * *
The hobgoblin hits you but does no damage.
You closely miss the hobgoblin.
The hobgoblin is almost dead.
The endoplasm hits you.
* * * LOW HITPOINT WARNING * * *
The hobgoblin hits you but does no damage.
You hit the hobgoblin but do no damage.
The hobgoblin is almost dead.
The hobgoblin barely misses you. The endoplasm hits you.
* * * LOW HITPOINT WARNING * * *
You closely miss the hobgoblin.
The hobgoblin is almost dead.
The endoplasm hits you but does no damage.
The hobgoblin hits you.
You die...

.. ....########### #
.......[.......# .#
.#.#.#.#.#.#....#.#.
.#.#^................
#.#.#...#.#.#.g.....#
.............@J...#
..#.#.....#.#..?.....
.............#.##...
#.#.......#...# .
#...........### ##
#...#.#.#.#...#
#...##).....#..#...
##.. ##..#.#.#.###.
#...####..)..#..#


You could see an endoplasm and a hobgoblin.

Vanquished Creatures
  A ball python (D:1)
  An endoplasm (D:1)
  3 goblins (D:1)
  2 hobgoblins (D:1)
  2 quokkas (D:1)
  A rat (D:1)
10 creatures vanquished.

Notes
Turn   | Place    | Note
-------+----------+-------------------------------------------
     0 | D:1      | lontrex the Demigod Enchanter began the quest for the Orb.
     0 | D:1      | Reached XP level 1. HP: 14/14 MP: 5/5
    49 | D:1      | Reached skill level 1 in Short Blades
   215 | D:1      | Reached XP level 2. HP: 17/22 MP: 7/7
   231 | D:1      | Learned a level 2 spell: Ensorcelled Hibernation
   271 | D:1      | Slain by a hobgoblin

Illustrated notes

Levels and vault maps discovered:
D:1:      giann_horns, layout_loops_ring, hangedman_decor_riveting

Skill      XL: |  1 |
---------------+----+-----
Short Blades   | 1 |  1.1
Spellcasting   | 2 |  2.1
Fighting       | |  0.5
Dodging        | |  1.7
Stealth        | |  2.6
Hexes          | |  2.8

Action                     || total
---------------------------++-------
  Melee: Dagger            ||    56
   Stab: Sleeping          ||     1
 Armour: Robe              ||    40
  Dodge: Dodged            ||    30

Table legend: (Time is in decaauts)
 A = Elapsed time spent in this place.
 B = Non-inter-level travel time spent in this place.
 C = Inter-level travel time spent in this place.
 D = Time resting spent in this place.
 E = Time spent auto-exploring this place.
 F = Levels seen in this place.
 G = Mean time per level.
                   A        B        C        D        E       F      G
               +--------+--------+--------+--------+--------+-----+--------+
         Total |    268 |    268 |      0 |     50 |    102 |   1 |  268.0 |
       Dungeon |    268 |    268 |      0 |     50 |    102 |   1 |  268.0 |
               +--------+--------+--------+--------+--------+-----+--------+

Top non-repeatable levels by time:
     D:1: 268 daAuts
